 Dungeon Crawl Stone Soup version 0.29-a0-409-gd843f3a (webtiles) character file.

Game seed: 2724986069795132512

56 Illumine the Bolt Thrower (level 3, -2/29 HPs)
             Began as a Demigod Hunter on May 13, 2022.
             Slain by Terence
             ... wielding a +0 hand axe
              (3 damage)
             ... on level 2 of the Dungeon.
             The game lasted 00:01:22 (824 turns).

Illumine the Bolt Thrower (Demigod Hunter)           Turns: 824, Time: 00:01:22

Health: -2/29      AC:  3    Str: 12    XL:     3   Next: 47%
Magic:  5/5        EV: 12    Int: 11    God:
Gold:   51         SH:  0    Dex: 21    Spells: 2/2 levels left

rFire   . . .      SeeInvis .   a - +1 hand crossbow
rCold   . . .      Faith    .   (no shield)
rNeg    . . .      Spirit   .   b - +0 leather armour
rPois   .          Reflect  .   (no helmet)
rElec   .          Harm     .   (no cloak)
rCorr   .          Rampage  .   (no gloves)
Will    .....                   (no boots)
Stlth   ++........              (no amulet)
HPRegen 0.09/turn               e - ring of wizardry
MPRegen 0.09/turn               (no ring)

@: flying
A: high MP 1, forlorn, divine attributes
a: no special abilities


You were on level 2 of the Dungeon.
You visited 1 branch of the dungeon, and saw 2 of its levels.

You collected 51 gold pieces.

Inventory:

Hand Weapons
 a - a +1 hand crossbow (weapon)
Armour
 b - a +0 leather armour (worn)
Jewellery
 e - a ring of wizardry (left hand)
Scrolls
 c - 5 scrolls of immolation
 f - 2 scrolls of identify
Potions
 d - a potion of flight
 g - a potion of cancellation


   Skills:
 - Level 1.7 Fighting
 + Level 4.8 Crossbows
 + Level 2.1 Dodging
 - Level 0.8 Stealth


You had 2 spell levels left.
You didn't know any spells.
Your spell library was empty.

Dungeon Overview and Level Annotations

Branches:
Dungeon (2/15)

Shops:
D:2 (

Annotations:
D:2 Terence


Innate Abilities, Weirdness & Mutations

You have an increased reservoir of magic. (+10% MP)
You shall have no god before yourself.
Your divine heritage dramatically boosts your attributes as you level up.


Message History

The hobgoblin hits you.
You shoot a bolt. The bolt hits the hobgoblin.
The hobgoblin is almost dead.
The hobgoblin barely misses you.
You shoot a bolt. The bolt closely misses the hobgoblin.
The hobgoblin hits you. The hobgoblin closely misses you.
You shoot a bolt. The bolt hits the hobgoblin.
You kill the hobgoblin!
No target in view!
Terence the Incautious comes into view.
He is wielding a +0 hand axe and wearing a +2 scale mail of poison resistance.
You shoot a bolt. The bolt hits Terence.
Terence is lightly wounded.
Terence says, "Don't bother to defend, it's pointless."
No target in view!
You shoot a bolt. The bolt closely misses Terence.
You shoot a bolt. The bolt barely misses Terence.
You shoot a bolt. The bolt closely misses Terence.
You shoot a bolt.
The bolt hits Terence but does no damage.
Terence is lightly wounded.
You shoot a bolt. The bolt hits Terence.
Terence is moderately wounded.
Terence hits you with a +0 hand axe!
You shoot a bolt. The bolt hits Terence.
Terence is moderately wounded.
Terence hits you with a +0 hand axe.
You shoot a bolt. The bolt closely misses Terence.
Terence says, "Don't bother to defend, it's senseless."
Terence hits you with a +0 hand axe.
It was a potion of flight.
You feel very buoyant.
You fly up into the air.
Terence closely misses you.
As you read the scroll labelled JOGAJU JUSTYAPP, it crumbles to dust.
It is a scroll of identify.
g - a potion of cancellation Terence hits you with a +0 hand axe!
* * * LOW HITPOINT WARNING * * *
Unknown command.
Terence attacks as you move away! Terence hits you with a +0 hand axe.
You die...

#.......# .⌠.. #.......# ...
#.......# ⌠.. #.......# .. .
#.......# #'##### ..
#.......# ###### #.....#...
#.......# #....# #.....>...
#.......####....####)..##...
#..........#.@@.......†.....
###†.....#.#....########....
#......#..##..# #..
#..<...##.###....# .
#......##.# ####....
#......##.# ... #......##.#
#. ###.#####.. .... #.. ...
.......


You could see Terence.

Vanquished Creatures
  2 dart slugs (D:1)
  An orc (D:2)
  7 ball pythons
  4 bats (D:1)
  5 endoplasms
  2 giant cockroaches (D:1)
  3 hobgoblins
  6 jackals (D:1)
  4 kobolds
  2 quokkas (D:1)
  2 frilled lizards
  3 goblins
  3 rats
44 creatures vanquished.

Notes
Turn   | Place    | Note
-------+----------+-------------------------------------------
     0 | D:1      | Illumine the Demigod Hunter began the quest for the Orb.
     0 | D:1      | Reached XP level 1. HP: 17/17 MP: 3/3
   105 | D:1      | Reached skill level 4 in Crossbows
   117 | D:1      | Reached XP level 2. HP: 22/24 MP: 4/4
   354 | D:1      | Reached XP level 3. HP: 22/29 MP: 5/5
   682 | D:2      | Found Elukluck's Weapon Emporium.
   806 | D:2      | Noticed Terence
   820 | D:2      | HP: 1/29 [Terence/+0 hand axe (9)]
   824 | D:2      | Slain by Terence

Illustrated notes

Levels and vault maps discovered:
D:1:      saegor_arrival_fortress, layout_rooms,
          dreamdust_ecumenical_altar_hidden_monk_grotto, serial_bayou_pond_a
D:2:      layout_rooms, serial_shops, nicolae_shop_bloodbath_and_beyond,
          grunt_ministairs_3, uniq_crazy_yiuf_cottage, uniq_terence

Skill      XL: |  1  2  3 |
---------------+----------+-----
Crossbows      | 4 |  4.8
Dodging        | 2 |  2.1
Fighting       | |  1.7
Stealth        | |  0.8

Action                   || total
-------------------------++-------
 Fire: Hand crossbow     ||   106
  Use: Scroll            ||     1
       Potion            ||     1
Armor: Leather armour    ||    11
Dodge: Dodged            ||    34

Table legend: (Time is in decaauts)
 A = Elapsed time spent in this place.
 B = Non-inter-level travel time spent in this place.
 C = Inter-level travel time spent in this place.
 D = Time resting spent in this place.
 E = Time spent auto-exploring this place.
 F = Levels seen in this place.
 G = Mean time per level.
                   A        B        C        D        E       F      G
               +--------+--------+--------+--------+--------+-----+--------+
         Total |    859 |    814 |     45 |     38 |    561 |   2 |  429.5 |
       Dungeon |    859 |    814 |     45 |     38 |    561 |   2 |  429.5 |
               +--------+--------+--------+--------+--------+-----+--------+

Top non-repeatable levels by time:
     D:1: 731 daAuts
     D:2: 127 daAuts
